 Dungeon Crawl Stone Soup version 0.31.0 (webtiles) character file.

Game seed: 17007255830319743589

16170 qw the Skirmisher (level 12, -17/77 HPs)
             Began as a Gargoyle Hunter on Jan 20, 2024.
             Was a High Priest of Okawaru.
             Demolished by a bog body (28 damage)
             ... on level 2 of the Lair of Beasts.
             The game lasted 00:01:11 (9286 turns).

qw the Skirmisher (Gargoyle Hunter)                 Turns: 9286, Time: 00:01:12

Health: -17/77     AC: 21    Str: 15    XL:     12   Next: 34%
Magic:  23/27      EV: 20    Int:  9    God:    Okawaru [*****.]
Gold:   88         SH:  0    Dex: 27    Spells: 11/11 levels left

rFire   . . .        o - +0 orcbow
rCold   . . .        (shield currently unavailable)
rNeg    + . .        g - +0 ring mail
rPois   inf          u - +0 helmet
rElec   +            m - +1 cloak
rCorr   .            (no gloves)
SInv    .            h - +2 pair of boots
Will    .....        e
                       - Hermit's Pendant {Faith Invo=14 Evo=0 MP+5}
Stlth   ++           i - +6 ring of dexterity
HPRegen 0.32/turn    l - +5 ring of evasion
MPRegen 0.20/turn

%: faith
@: finesse-ful, slowed, very slow
A: sickness immunity, AC +8, negative energy resistance 1, electricity
resistance, torment resistance 1, petrification resistance, agile 1, MP-powered
wands
a: Renounce Religion, Heroism, Finesse, Duel


You were on level 2 of the Lair of Beasts.
You worshipped Okawaru.
Okawaru was extremely pleased with you.
You visited 2 branches of the dungeon, and saw 13 of its levels.
You visited 1 bazaar.
You also visited: Sewer.

You collected 553 gold pieces.
You spent 465 gold pieces at shops.


Innate Abilities, Weirdness & Mutations

You are immune to sickness and miasma.
Your stone body is resilient. (AC +8)
You are immune to poison.
You resist negative energy. (rN+)
You are resistant to electric shocks. (rElec)
You are resistant to unholy torment.
You are immune to petrification.
You are agile. (Dex +4, Str/Int -1)
You expend magic power (3 MP) to strengthen your wands.


   Skills:
 + Level 9.7 Fighting
 - Level 14.0 Ranged Weapons
 - Level 5.1 Armour
 - Level 5.1 Dodging
 - Level 1.1 Stealth
 - Level 10.0(14.0) Invocations


You had 11 spell levels left.
You didn't know any spells.
Your spell library was empty.

Inventory:

Hand Weapons
 o - a +0 orcbow (weapon)
Armour
 g - a +0 ring mail (worn)
 h - a +2 pair of boots (worn)
 m - a +1 cloak (worn)
 u - a +0 helmet (worn)
Jewellery
 e - the Hermit's Pendant (around neck) {Faith Invo=14 Evo=0 MP+5}
   (You found it on level 5 of the Dungeon)

   [amulet of faith]

   Invo=14: It sets your Invocations skill to 14.
   Evo=0: It sets your Evocations skill to 0.
   Faith:     It allows you to gain divine favour quickly.
   MP+5:      It affects your magic capacity (+5).
 i - a +6 ring of dexterity (left hand)
 l - a +5 ring of evasion (right hand)
 t - an amulet of regeneration
Wands
 b - a wand of polymorph (12)
Scrolls
 d - 3 scrolls of identify
 r - a scroll of teleportation
Potions
 a - 3 potions of enlightenment
 c - a potion of resistance
 f - 3 potions of cancellation
 j - a potion of magic
 k - 2 potions of heal wounds
 n - 4 potions of mutation
 p - a potion of haste
 q - 6 potions of might
 s - 3 potions of curing

Dungeon Overview and Level Annotations

Branches:
Dungeon (11/15)            Temple (0/1) D:6            Lair (2/5) D:8
  Sewer (visited)
  Swamp: Lair:2-3    Shoals: Lair:2-3     Snake: Lair:2-3    Spider: Lair:2-3
    Orc: D:9-12

Altars:
Dithmenos
Gozag
Hepliaklqana
Makhleb
Okawaru
Qazlal
Ru
Uskayaw
Lugonu

Shops:
D:7 !   D:11 *

Portals:
Abyss: D:6

Annotations:
D:5 2 runed translucent doors, qw's ghost, novice GrHu


Message History

The elephant misses you. x3
The elephant trunk-slaps you but does no damage.
9278 ||| RETREEEEATING.
You shoot an arrow. The arrow hits the fungus!
The fungus is lightly damaged.
The elephant tramples you!
You hold your ground!
The elephant completely misses you.
9279 ||| RETREEEEATING.
You shoot an arrow. The arrow hits the fungus!!
The fungus is moderately damaged.
A nearby fungus withers and dies.
The bog body gestures at you while chanting.
You feel yourself slow down. The elephant barely misses you.
The elephant completely misses you. The elephant closely misses you.
The elephant trunk-slaps you but does no damage.
9280 ||| RETREEEEATING.
The bog body closely misses you.
9281 ||| INVOKING Finesse.
You can now deal lightning-fast blows.
The elephant misses you. The elephant closely misses you.
The bog body gestures at you while chanting.
The bolt of cold hits you!
You shoot an arrow. The arrow hits the elephant!
You kill the elephant!
Okawaru accepts your kill. The bog body casts a spell at you.
You resist with significant effort.
You shoot an arrow. The arrow hits the bog body.
The bog body is lightly damaged.
You shoot an arrow. The arrow closely misses the bog body.
The arrow hits the elephant.
The elephant is lightly wounded.
The bog body touches you! The bog body freezes you!
The elephant closely misses you.
The elephant trunk-slaps you but does no damage.
You shoot an arrow. The arrow hits the bog body!!
The bog body is severely damaged.
You shoot an arrow. The arrow barely misses the bog body.
The arrow hits the elephant.
The elephant is lightly wounded.
The bog body touches you! The bog body freezes you!!
You die...

#### # ### ########..#P##
## ## #@###..#.##......#
##P##.##nYY..............
###.......Y................
............###.#..........
......##.#.## ###..........
...P.#....#.# #........._
#........# #..........
##.......## #..........
#P........# ##.........


You could see 3 elephants and a bog body.

Vanquished Creatures
  4 death yaks
  A skyshark (Lair:2)
  An elephant (Lair:2)
  3 centaur zombies (D:11)
  A manticore (D:11)
  Maurice (D:8)
  A spectral centaur (D:11)
  2 gargoyles (D:11)
  A black mamba (Lair:1)
  6 cane toads (Lair:1)
  2 komodo dragons
  A hornet (D:7)
  A polar bear (Lair:1)
  Prince Ribbit (D:5)
  6 blink frogs
  A meliai zombie (D:11)
  5 yaks (D:9)
  2 wyverns
  A vampire (D:10)
  A basilisk (Lair:1)
  A steam dragon (D:7)
  3 vampire mosquitoes (D:11)
  Edmund (D:4)
  5 water moccasins
  Duvessa (D:5)
  A sky beast (D:7)
  2 ice beasts (D:6)
  A black bear (D:5)
  3 ogres
  5 centaurs
  3 phantoms
  5 kobold brigands (Sewer)
  A gnoll sergeant (D:9)
  A scorpion (D:6)
  A bullfrog (Lair:1)
  A water moccasin zombie (D:3)
  8 wights (D:7)
  Dowan (D:5)
  9 killer bees
  A howler monkey (D:8)
  2 jellies (D:7)
  3 bombardier beetles
  2 orc priests
  2 hounds
  Natasha (twice) (D:2)
  Terence (D:2)
  6 iguanas
  3 orc wizards
  8 gnolls
  A howler monkey skeleton (D:3)
  5 adders
  3 dart slugs
  2 ribbon worms
  10 orcs
  5 endoplasms
  3 giant cockroaches
  21 goblins
  8 hobgoblins
  3 jackals (D:4)
  4 quokkas
  12 ball pythons
  A ball python skeleton (D:3)
  9 bats
  A frilled lizard (D:1)
  19 kobolds
  11 rats
  2 lurking horrors (D:6)
245 creatures vanquished.

Vanquished Creatures (others)
  An orc wizard (D:6)
1 creature vanquished.

Grand Total: 246 creatures vanquished

Notes
Turn   | Place    | Note
-------+----------+-------------------------------------------
     0 | D:1      | qw the Gargoyle Hunter began the quest for the Orb.
     0 | D:1      | Reached XP level 1. HP: 12/12 MP: 1/1
     0 | D:1      | 0 ||| qw: Version: 0.3-a-132-g3d54051
     0 | D:1      | 0 ||| qw: Game counter: 485
     0 | D:1      | 0 ||| qw: Melee chars always use a shield: true
     0 | D:1      | 0 ||| qw: God list: Okawaru
     0 | D:1      | 0 ||| qw: Allow faded altars: false
     0 | D:1      | 0 ||| qw: Do Orc after clearing Dungeon:15 true
     0 | D:1      | 0 ||| qw: Do second Lair branch before Depths: true
     0 | D:1      | 0 ||| qw: Lair rune preference: random
     0 | D:1      | 0 ||| qw: Goals: Normal
     0 | D:1      | 0 ||| PLANNING D:1-11
    64 | D:1      | Reached XP level 2. HP: 17/17 MP: 2/2
   286 | D:1      | Reached XP level 3. HP: 18/21 MP: 3/3
   309 | D:1      | Reached skill level 5 in Ranged Weapons
   418 | D:1      | 418 ||| UPGRADING to +0 pair of boots.
   423 | D:1      | 423 ||| UPGRADING to +1 pair of boots.
   433 | D:1      | 433 ||| DROPPING +0 pair of boots.
   434 | D:1      | 434 ||| UPGRADING to +6 ring of dexterity.
   435 | D:1      | 435 ||| READING scroll labelled FEKHLO WOSCHOIF.
   436 | D:1      | 436 ||| READING scroll labelled MEAR AKLEUQILE.
   436 | D:1      | 436 ||| IDENTIFYING metallic brown potion
   437 | D:1      | 437 ||| DROPPING scroll of butterflies.
   438 | D:1      | 438 ||| DROPPING potion of brilliance.
   460 | D:2      | Found a faded altar of an unknown god.
   485 | D:2      | Noticed Natasha
   495 | D:2      | Killed Natasha
   496 | D:2      | Reached skill level 3 in Fighting
   496 | D:2      | Reached XP level 4. HP: 19/28 MP: 4/4
   496 | D:2      | 496 ||| FLEEEEING.
   503 | D:2      | 503 ||| STAIRDANCE
   616 | D:2      | Noticed Terence
   636 | D:2      | HP: 6/28 [Terence/+0 trident (3)]
   637 | D:2      | Killed Terence
   772 | D:2      | Noticed Natasha
   775 | D:2      | Killed Natasha
   776 | D:2      | Reached XP level 5. HP: 24/32 MP: 5/5
   776 | D:2      | 776 ||| FLEEEEING.
  1115 | D:2      | 1115 ||| READING scroll labelled MOGEKKEMMA.
  1116 | D:2      | 1116 ||| READING scroll labelled CYAXOTZEEQO.
  1116 | D:2      | 1116 ||| BRANDING +0 shortbow.
  1117 | D:2      | 1117 ||| READING scroll labelled UHYABA WOUGI.
  1118 | D:2      | 1118 ||| FLEEEEING.
  1195 | D:3      | Found a sacrificial altar of Ru.
  1306 | D:3      | Reached skill level 6 in Ranged Weapons
  1384 | D:3      | Noticed a +0 spear
  1384 | D:3      | Noticed a +0 spear
  1384 | D:3      | Noticed a +0 short sword
  1385 | D:3      | Noticed a +0 dagger
  1385 | D:3      | Noticed a +0 dagger
  1385 | D:3      | Noticed a +0 falchion
  1385 | D:3      | Noticed a +0 short sword
  1386 | D:3      | Noticed a +0 falchion
  1569 | D:3      | Found a hide-covered altar of Uskayaw.
  1572 | D:3      | Noticed a phantom
  1585 | D:3      | Killed a phantom
  1586 | D:3      | Reached XP level 6. HP: 36/37 MP: 6/6
  1735 | D:3      | 1735 ||| UPGRADING to +0 ring mail.
  1745 | D:3      | 1745 ||| DROPPING +0 leather armour.
  1746 | D:3      | 1746 ||| UPGRADING to +1 cloak.
  1751 | D:3      | 1751 ||| READING 2 scrolls of identify.
  1751 | D:3      | 1751 ||| IDENTIFYING fuming cyan potion
  1752 | D:3      | 1752 ||| READING scroll of identify.
  1752 | D:3      | 1752 ||| IDENTIFYING sedimented red potion
  1753 | D:3      | 1753 ||| DRINKING 2 blue potions.
  1754 | D:3      | 1754 ||| DROPPING potion of berserk rage.
  1781 | D:4      | Found an iron altar of Okawaru.
  1782 | D:4      | 1782 ||| PLANNING OKAWARU WORSHIP
  1806 | D:4      | Found a burning altar of Makhleb.
  1818 | D:4      | Noticed Edmund
  1831 | D:4      | Became a worshipper of Warmaster Okawaru
  1832 | D:4      | 1832 ||| PLANNING D:1-11
  1857 | D:4      | Killed Edmund
  2127 | D:4      | Reached XP level 7. HP: 42/42 MP: 7/7
  2175 | D:4      | 2175 ||| FLEEEEING.
  2264 | D:4      | Reached skill level 7 in Ranged Weapons
  2389 | D:4      | 2389 ||| FLEEEEING.
  2537 | D:4      | 2537 ||| READING scroll labelled EKHLEM EMNIGE.
  2537 | D:4      | 2537 ||| ENCHANTING +1 pair of boots.
  2540 | D:5      | Entered Level 5 of the Dungeon
  2540 | D:5      | Noticed Prince Ribbit
  2540 | D:5      | Found a shadowy altar of Dithmenos.
  2544 | D:5      | 2544 ||| STAIRDANCE
  2586 | D:5      | 2586 ||| FLEEEEING.
  2587 | D:5      | 2587 ||| FLEEEEING.
  2590 | D:5      | 2590 ||| FLEEEEING.
  2594 | D:5      | 2594 ||| FLEEEEING.
  2595 | D:5      | 2595 ||| STAIRDANCE
  2659 | D:5      | 2659 ||| STAIRDANCE
  2661 | D:4      | 2661 ||| FLEEEEING.
  2717 | D:5      | 2717 ||| STAIRDANCE
  2719 | D:4      | 2719 ||| FLEEEEING.
  2752 | D:5      | HP: 9/43 [Prince Ribbit (7)]
  2753 | D:5      | 2753 ||| READING scroll of teleportation.
  2754 | D:5      | 2754 ||| DRINKING 2 potions of heal wounds.
  2755 | D:5      | 2755 ||| STAIRDANCE
  2850 | D:5      | Killed Prince Ribbit
  2850 | D:5      | Reached * piety under Okawaru
  2851 | D:5      | Reached skill level 8 in Ranged Weapons
  2851 | D:5      | Reached XP level 8. HP: 48/48 MP: 8/8
  2898 | D:5      | Reached skill level 1 in Invocations
  2902 | D:5      | Found a large runed translucent door.
  2988 | D:5      | Noticed Dowan
  2988 | D:5      | Noticed Duvessa
  2992 | D:5      | 2992 ||| INVOKING Heroism.
  2997 | D:5      | Killed Duvessa
  3002 | D:5      | Killed Dowan
  3040 | D:5      | 3040 ||| FLEEEEING.
  3256 | D:5      | Found the Hermit's Pendant {Faith Invo=14 Evo=0 MP+5}
  3266 | D:5      | Reached skill level 9 in Ranged Weapons
  3266 | D:5      | 3266 ||| FLEEEEING.
  3367 | D:5      | Reached skill level 3 in Invocations
  3520 | D:5      | Found a large runed translucent door.
  3522 | D:5      | Noticed qw's ghost (novice GrHu)
  3599 | D:5      | 3599 ||| UPGRADING to Hermit's Pendant {Faith Invo=14 Evo=0
                  | MP+5}.
  3677 | D:5      | 3677 ||| READING scroll of identify.
  3677 | D:5      | 3677 ||| IDENTIFYING clear potion
  3678 | D:5      | 3678 ||| READING scroll labelled MUUCEG FAIC.
  3679 | D:5      | 3679 ||| DRINKING 2 sedimented puce potions.
  3679 | D:5      | Gained mutation: You are agile. (Dex +4, Str/Int -1)
                  | [potion of mutation]
  3679 | D:5      | Gained mutation: You expend magic power (3 MP) to
                  | strengthen your wands. [potion of mutation]
  3680 | D:5      | 3680 ||| DROPPING potion of ambrosia.
  3717 | D:6      | 3717 ||| PLANNING SEWER
  3729 | D:6      | Found a staircase to the Ecumenical Temple.
  3764 | D:6      | Reached skill level 3 in Dodging
  3775 | D:6      | Reached ** piety under Okawaru
  3776 | D:6      | Reached XP level 9. HP: 29/55 MP: 19/19
  3779 | D:6      | Reached skill level 6 in Fighting
  3783 | D:6      | 3783 ||| FLEEEEING.
  3960 | D:6      | Found a glowing drain.
  3969 | Sewer    | Entered a sewer
  4139 | Sewer    | Reached skill level 10 in Ranged Weapons
  4208 | Sewer    | Reached skill level 3 in Armour
  4236 | Sewer    | 4236 ||| READING 2 scrolls of identify.
  4236 | Sewer    | 4236 ||| IDENTIFYING fuming red potion
  4237 | Sewer    | 4237 ||| READING scroll of identify.
  4237 | Sewer    | 4237 ||| IDENTIFYING sedimented green potion
  4238 | Sewer    | 4238 ||| DRINKING 2 metallic dark potions.
  4239 | Sewer    | 4239 ||| DROPPING potion of attraction.
  4254 | D:6      | 4254 ||| PLANNING D:1-11
  4284 | D:6      | Identified the +5 mace "Oromm" {flame, ^Fragile Will+ rCorr
                  | Str+2}
  4296 | D:6      | Reached *** piety under Okawaru
  4332 | D:6      | 4332 ||| SWAPPING to +0 orcbow.
  4337 | D:6      | 4337 ||| DROPPING +0 shortbow of draining.
  4484 | D:6      | Found a corrupted altar of Lugonu.
  4495 | D:6      | 4495 ||| FLEEEEING.
  4560 | D:6      | Found a one-way gate to the infinite horrors of the Abyss.
  4631 | D:6      | 4631 ||| READING scroll labelled MYWKARA IMEGIM.
  4632 | D:6      | 4632 ||| FLEEEEING.
  4642 | D:6      | 4642 ||| STAIRDANCE
  5055 | D:7      | 5055 ||| FLEEEEING.
  5163 | D:7      | Found a hazy altar of Hepliaklqana.
  5354 | D:7      | 5354 ||| RETREEEEATING.
  5367 | D:7      | Reached skill level 11 in Ranged Weapons
  5431 | D:7      | Noticed a hornet
  5432 | D:7      | 5432 ||| INVOKING Heroism.
  5440 | D:7      | Killed a hornet
  5471 | D:7      | Found a stormy altar of Qazlal.
  5524 | D:7      | Found Nuykk's Distillery.
  5530 | D:7      | 5530 ||| RETREEEEATING.
  5531 | D:7      | 5531 ||| RETREEEEATING.
  5533 | D:7      | 5533 ||| RETREEEEATING.
  5535 | D:7      | Reached XP level 10. HP: 63/63 MP: 20/20
  5568 | D:7      | Reached **** piety under Okawaru
  5599 | D:7      | 5599 ||| BUYING potion of curing (45 gold).
  5599 | D:7      | Bought a potion of curing for 45 gold pieces
  5599 | D:7      | 5599 ||| BUYING potion of enlightenment (75 gold).
  5599 | D:7      | Bought a potion of enlightenment for 75 gold pieces
  5599 | D:7      | 5599 ||| BUYING potion of heal wounds (75 gold).
  5599 | D:7      | Bought a potion of heal wounds for 75 gold pieces
  5599 | D:7      | 5599 ||| BUYING potion of might (60 gold).
  5599 | D:7      | Bought a potion of might for 60 gold pieces
  5700 | D:7      | 5700 ||| READING 2 scrolls of identify.
  5700 | D:7      | 5700 ||| IDENTIFYING amethyst potion
  5701 | D:7      | 5701 ||| READING scroll of identify.
  5701 | D:7      | 5701 ||| IDENTIFYING puce potion
  5702 | D:7      | 5702 ||| DROPPING potion of invisibility.
  5723 | D:8      | Noticed a death yak
  5723 | D:8      | Noticed a death yak
  5724 | D:8      | 5724 ||| INVOKING Finesse.
  5726 | D:8      | Noticed a death yak
  5730 | D:8      | Noticed a death yak
  5734 | D:8      | Noticed a death yak
  5735 | D:8      | 5735 ||| STAIRDANCE
  5743 | D:7      | Killed a death yak
  5747 | D:7      | 5747 ||| FLEEEEING.
  5754 | D:7      | 5754 ||| DRINKING potion of curing.
  5754 | D:7      | 5754 ||| (to cure confusion)
  5868 | D:8      | Noticed a death yak
  5869 | D:8      | 5869 ||| STAIRDANCE
  5869 | D:8      | Noticed a death yak
  5871 | D:7      | 5871 ||| RETREEEEATING.
  5872 | D:7      | 5872 ||| RETREEEEATING.
  5873 | D:7      | 5873 ||| INVOKING Finesse.
  5887 | D:7      | HP: 10/64 [death yak (19)]
  5888 | D:7      | 5888 ||| READING 4 scrolls of teleportation.
  5889 | D:7      | 5889 ||| DRINKING 3 potions of heal wounds.
  5972 | D:8      | 5972 ||| INVOKING Heroism.
  5977 | D:8      | 5977 ||| STAIRDANCE
  5984 | D:7      | Killed a death yak
  5985 | D:7      | Reached skill level 12 in Ranged Weapons
  5987 | D:8      | 5987 ||| STAIRDANCE
  5995 | D:7      | HP: 10/64 [death yak (16)]
  5996 | D:7      | 5996 ||| READING 3 scrolls of teleportation.
  5997 | D:7      | 5997 ||| DRINKING 2 potions of heal wounds.
  5998 | D:7      | Killed a death yak
  6060 | D:7      | 6060 ||| FLEEEEING.
  6062 | D:7      | 6062 ||| FLEEEEING.
  6063 | D:7      | 6063 ||| FLEEEEING.
  6064 | D:7      | 6064 ||| INVOKING Finesse.
  6067 | D:7      | HP: 14/64 [death yak (4)]
  6068 | D:7      | 6068 ||| READING 2 scrolls of teleportation.
  6068 | D:7      | HP: 5/64 [death yak (9)]
  6069 | D:7      | 6069 ||| DRINKING potion of heal wounds.
  6077 | D:7      | 6077 ||| FLEEEEING.
  6079 | D:7      | 6079 ||| FLEEEEING.
  6080 | D:7      | 6080 ||| FLEEEEING.
  6081 | D:7      | 6081 ||| FLEEEEING.
  6084 | D:7      | 6084 ||| FLEEEEING.
  6085 | D:7      | 6085 ||| FLEEEEING.
  6194 | D:8      | 6194 ||| INVOKING Finesse.
  6211 | D:8      | Killed a death yak
  6276 | D:8      | Found a staircase to the Lair.
  6322 | D:8      | Noticed Maurice
  6323 | D:8      | 6323 ||| INVOKING Finesse.
  6331 | D:8      | Killed Maurice
  6676 | D:8      | You fall into a shaft and drop 3 floors!
  6686 | D:11     | 6686 ||| PLANNING BAZAAR
  6813 | D:11     | Noticed a gargoyle
  6814 | D:11     | 6814 ||| INVOKING Finesse.
  6817 | D:11     | Killed a gargoyle
  6818 | D:11     | Reached skill level 6 in Invocations
  6818 | D:11     | Reached XP level 11. HP: 51/68 MP: 20/21
  7019 | D:11     | Found Abloammo's Island Escapes.
  7043 | D:11     | Noticed a manticore
  7044 | D:11     | 7044 ||| INVOKING Finesse.
  7055 | D:11     | Killed a manticore
  7056 | D:11     | Reached skill level 13 in Ranged Weapons
  7187 | D:11     | 7187 ||| FLEEEEING.
  7192 | D:11     | 7192 ||| STAIRDANCE
  7193 | D:10     | Entered Level 10 of the Dungeon
  7259 | D:10     | 7259 ||| UPGRADING to +5 ring of evasion.
  7283 | D:11     | Found a flickering gateway to a bazaar.
  7297 | D:11     | 7297 ||| FLEEEEING.
  7343 | D:11     | 7343 ||| RETREEEEATING.
  7345 | D:11     | 7345 ||| RETREEEEATING.
  7346 | D:11     | 7346 ||| RETREEEEATING.
  7347 | D:11     | 7347 ||| RETREEEEATING.
  7348 | D:11     | 7348 ||| RETREEEEATING.
  7349 | D:11     | 7349 ||| RETREEEEATING.
  7365 | D:11     | Reached ***** piety under Okawaru
  7377 | D:11     | 7377 ||| FLEEEEING.
  7492 | D:11     | 7492 ||| FLEEEEING.
  7534 | Bazaar   | Entered a bazaar
  7534 | Bazaar   | Found Luapny's Jewellery Boutique.
  7534 | Bazaar   | Found Awocweow's Jewellery Boutique.
  7540 | Bazaar   | Found Wadghu Yhuu's Jewellery Emporium.
  7549 | Bazaar   | 7549 ||| BUYING amulet of regeneration (210 gold).
  7549 | Bazaar   | Bought an amulet of regeneration for 210 gold pieces
  7602 | Bazaar   | Found Facvoset's General Store.
  7646 | D:11     | 7646 ||| PLANNING LAIR
  7677 | D:9      | 7677 ||| INVOKING Finesse.
  7704 | D:9      | Received a gift from Okawaru
  7961 | D:9      | 7961 ||| UPGRADING to +0 helmet.
  7992 | Lair:1   | Entered Level 1 of the Lair of Beasts
  7995 | Lair:1   | 7995 ||| STAIRDANCE
  8017 | Lair:1   | Reached skill level 9 in Fighting
  8017 | Lair:1   | Reached skill level 9 in Invocations
  8017 | Lair:1   | 8017 ||| STAIRDANCE
  8019 | D:8      | 8019 ||| FLEEEEING.
  8027 | D:8      | 8027 ||| STAIRDANCE
  8204 | Lair:1   | 8204 ||| RETREEEEATING.
  8205 | Lair:1   | 8205 ||| RETREEEEATING.
  8206 | Lair:1   | 8206 ||| RETREEEEATING.
  8207 | Lair:1   | 8207 ||| RETREEEEATING.
  8208 | Lair:1   | 8208 ||| RETREEEEATING.
  8231 | Lair:1   | 8231 ||| FLEEEEING.
  8333 | Lair:1   | 8333 ||| FLEEEEING.
  8529 | Lair:1   | Reached XP level 12. HP: 70/76 MP: 22/22
  8619 | Lair:1   | 8619 ||| FLEEEEING.
  8667 | Lair:1   | 8667 ||| FLEEEEING.
  9028 | Lair:1   | 9028 ||| READING 6 scrolls of identify.
  9028 | Lair:1   | 9028 ||| IDENTIFYING ruby potion
  9029 | Lair:1   | 9029 ||| READING 5 scrolls of identify.
  9029 | Lair:1   | 9029 ||| IDENTIFYING scroll labelled OMIDOU XETEOM
  9030 | Lair:1   | 9030 ||| READING 4 scrolls of identify.
  9030 | Lair:1   | 9030 ||| IDENTIFYING scroll labelled YPROAS FUDAITZ
  9031 | Lair:1   | 9031 ||| DROPPING potion of degeneration.
  9032 | Lair:1   | 9032 ||| DROPPING scroll of immolation.
  9033 | Lair:1   | 9033 ||| DROPPING scroll of fear.
  9066 | Lair:2   | Noticed a skyshark
  9067 | Lair:2   | 9067 ||| INVOKING Finesse.
  9071 | Lair:2   | 9071 ||| RETREEEEATING.
  9072 | Lair:2   | 9072 ||| RETREEEEATING.
  9073 | Lair:2   | 9073 ||| RETREEEEATING.
  9074 | Lair:2   | 9074 ||| RETREEEEATING.
  9075 | Lair:2   | 9075 ||| RETREEEEATING.
  9085 | Lair:2   | Killed a skyshark
  9085 | Lair:2   | Received a gift from Okawaru
  9093 | Lair:2   | Reached skill level 14 in Ranged Weapons
  9114 | Lair:2   | HP: 13/76 [blink frog (13)]
  9115 | Lair:2   | 9115 ||| READING 2 scrolls of teleportation.
  9116 | Lair:2   | 9116 ||| DRINKING 3 potions of heal wounds.
  9123 | Lair:2   | Found an opulent altar of Gozag.
  9259 | Lair:2   | 9259 ||| RETREEEEATING.
  9260 | Lair:2   | 9260 ||| RETREEEEATING.
  9261 | Lair:2   | 9261 ||| RETREEEEATING.
  9262 | Lair:2   | 9262 ||| RETREEEEATING.
  9263 | Lair:2   | 9263 ||| RETREEEEATING.
  9264 | Lair:2   | 9264 ||| RETREEEEATING.
  9275 | Lair:2   | 9275 ||| RETREEEEATING.
  9276 | Lair:2   | 9276 ||| RETREEEEATING.
  9277 | Lair:2   | 9277 ||| RETREEEEATING.
  9278 | Lair:2   | 9278 ||| RETREEEEATING.
  9279 | Lair:2   | 9279 ||| RETREEEEATING.
  9280 | Lair:2   | 9280 ||| RETREEEEATING.
  9281 | Lair:2   | 9281 ||| INVOKING Finesse.
  9286 | Lair:2   | HP: 11/77 [bog body (13)]
  9286 | Lair:2   | Demolished by a bog body

Levels and vault maps discovered:
D:1:      saegor_arrival_simple_e, layout_rooms
D:2:      layout_rooms, shapermc_ecumenical_altar_venn, serial_curves,
          eino_curves_01, eino_curves_01, minmay_misc_feat_tower, uniq_natasha,
          uniq_terence
D:3:      layout_basic, nicolae_ru_awakened_eye, nicolae_uskayaw_en_pointe,
          serial_undead, serial_undead_b, serial_undead_f, serial_undead_c,
          serial_undead_c
D:4:      layout_loops_ring, mainiacjoe_overflow_catwalk_spiral,
          kennysheep_cross_room, minmay_ogre_servants, uniq_edmund
D:5:      nicolae_cairo_tiling_large, layout_basic,
          mainiacjoe_overflow_boulevard, ebering_ghost_disaster_area,
          uniq_duvessa, uniq_prince_ribbit1
D:6:      layout_rooms, minmay_temple_entry_glass, portal_sewer_entry_b,
          amcnicky_altar_lugonu_corruption
D:7:      layout_loops_ring, lemuel_crystal_altar, kennysheep_mini,
          serial_glass, glass_columns_a, glass_columns_a, serial_shops,
          nicolae_shop_advertising_works [nicolae_subvault_shop_adworks]
D:8:      minmay_evil_eye, layout_cave_pods, dpeg_lair_monsters, uniq_maurice
D:9:      layout_cave_pools, tgw_fedhas, minmay_misc_feat_chi,
          kennysheep_generic_room_16
D:10:     layout_roguey, hiddenorc2_lemuel, uniq_amaemon, uniq_joseph, uniq_grum
D:11:     layout_stronghold, serial_shops, bzr_entry_islet,
          hangedman_weighted_door, minivault_16, nicolae_island_escapes
Lair:1:   layout_hall_layers, serial_bayou_shore_b
Lair:2:   layout_cave_pods, skrybe_swamp_entry_bodies,
          alex1729_snake_entry_snake, basic_altar

Skill      XL: |  1  2  3  4  5  6  7  8  9 10 11 12 |
---------------+-------------------------------------+-----
Ranged Weapons | 5 6 8 9 11 12 13 14 | 14.0
Fighting       | 3 4 5 7 8 9 |  9.7
Dodging        | 2 3 4 5 |  5.1
Armour         | 2 3 4 5 |  5.1
Invocations    | 4 6 9 10 | 10.0
Stealth        | |  1.1

Action                     |  1- 3 |  4- 6 |  7- 9 | 10-12 || total
---------------------------+-------+-------+-------+-------++-------
   Fire: Shortbow          |    81 |   127 |   285 |       ||   493
         Orcbow            |       |       |    75 |   540 ||   615
 Invoke: Heroism           |       |       |     2 |     1 ||     3
         Finesse           |       |       |       |    10 ||    10
    Use: Scroll            |     2 |     5 |     7 |     9 ||    23
         Potion            |       |     1 |     3 |     5 ||     9
 Armour: Leather armour    |    44 |    24 |       |       ||    68
         Ring mail         |       |     3 |   146 |   277 ||   426
  Dodge: Dodged            |    35 |    21 |   157 |   370 ||   583

Table legend:
 A = Non-vault XP
 B = Vault XP
 C = Vault XP percentage of total XP
 D = Non-vault monster count
 E = Vault monster count
 F = Vault count percentage of total count
                 A         B        C        D         E       F
            +---------+---------+-------+---------+---------+-------
      Total |   15830 |    7271 |  31.5 |     185 |      59 |  24.2
            +---------+---------+-------+---------+---------+-------
        D:1 |      46 |       0 |   0.0 |      24 |       0 |   0.0
        D:2 |      64 |      72 |  52.9 |      17 |       2 |  10.5
        D:3 |     129 |      91 |  41.4 |      12 |       3 |  20.0
        D:4 |     261 |     285 |  52.2 |      26 |      10 |  27.8
        D:5 |     706 |     488 |  40.9 |       8 |       3 |  27.3
        D:6 |     866 |       6 |   0.7 |      19 |       5 |  20.8
        D:7 |    1595 |    2411 |  60.2 |      20 |       3 |  13.0
        D:8 |     317 |    1269 |  80.0 |       5 |       2 |  28.6
        D:9 |    1916 |       0 |   0.0 |      21 |       0 |   0.0
       D:10 |     205 |       0 |   0.0 |       1 |       0 |   0.0
       D:11 |    1967 |    2109 |  51.7 |       7 |       5 |  41.7
     Lair:1 |    5213 |       0 |   0.0 |      18 |       0 |   0.0
     Lair:2 |    2545 |       0 |   0.0 |       7 |       0 |   0.0
      Sewer |       0 |     540 | 100.0 |       0 |      26 | 100.0
            +---------+---------+-------+---------+---------+-------
